Comets vs Senators

Created - February 26, 2025 at 09:22

Goals
1 2 3 T
Comets 0 3 4 7
Senators 2 1 2 5
Shots
1 2 3 T
Comets 6 18 8 32
Senators 12 13 9 34

1st period

1. Senators , Arttu Ruotsalainen 10 (Vitaly Abramov 13) at 11:02 (PP)
2. Senators , Vitaly Abramov 13 (Arttu Ruotsalainen 11, Artem Zub 21) at 15:36

Penalties :
Ilya Lyubushkin (Uti) for Slashing (Minor) at 9:13, Bryce Kindopp (Bel) for High sticking (Minor) at 13:21

2nd period

3. Comets , Valeri Nichushkin 14 (Joonas Donskoi 28) at 2:47 (PP)
4. Comets , Alexandre Texier 18 (John Hayden 17) at 10:54
5. Comets , Joonas Donskoi 23 (Brett Seney 27) at 14:55
6. Senators , Corey Shueneman 2 (Radek Faksa 51, C.J Suess 43) at 17:37 (PP)

Penalties :
Marc Michaelis (Bel) for High sticking (Minor) at 2:42, Vincent Desharnais (Uti) for Hooking (Minor) at 16:46, Chase De Leo (Bel) for Roughing (Minor) at 18:47

3rd period

7. Comets , Brett Seney 28 (Valeri Nichushkin 24, Joonas Donskoi 29) at 0:16 (PP)
8. Senators , Arttu Ruotsalainen 11 (Vitaly Abramov 14, Akil Thomas 3) at 5:00
9. Comets , Alexandre Texier 19 (John Hayden 18, Ilya Lyubushkin 29) at 11:38
10. Comets , Marcus Bjork 1 (Brett Howden 23) at 13:40
11. Comets , Conor Garland 18 (Brett Howden 24) at 16:04
12. Senators , Artem Zub 9 (Marc Michaelis 27, C.J Suess 44) at 16:40

Penalties :
C.J Suess (Bel) for Interference (Minor) at 2:45

Goalie Stats

Akira Schmid (Uti), 29 saves from 34 shots - (0.853), W, 10-6-0, 60:00 minutes
David Rittich (Bel), 25 saves from 32 shots - (0.781), L, 16-11-4, 60:00 minutes

Players Stats for Comets

Player Name              G  A  P  +/- PIM S  H  SB GA TA FO     MP     PP MP  PK MP  
------------------------------------------------------------------------------------
Alex Turcotte            0  0  0  -1  0   0  1  0  0  0  0/0     6:15   0:00   0:00 
Alexandre Texier         2  0  2   1  0   3  1  1  1  0  0/0    14:19   0:12   0:00 
Brett Howden             0  2  2   1  0   5  0  0  2  1  5/13   18:12   2:30   0:51 
Brett Seney              1  1  2   1  0   5  0  0  1  0  15/30  20:39   2:50   0:56 
Christian Wolanin        0  0  0   0  0   1  0  2  0  1  0/0    22:29   3:18   1:40 
Conor Garland            1  0  1   1  0   5  2  1  1  0  0/0    18:05   2:30   0:51 
David Kase               0  0  0  -1  0   0  1  0  1  0  1/1     6:32   0:00   0:00 
Eeli Tolvanen            0  0  0   1  0   1  1  0  0  0  0/0    14:17   0:12   0:20 
Filip Roos               0  0  0   1  0   0  1  0  0  0  0/0     4:00   0:00   0:00 
Ilya Lyubushkin          0  1  1   1  2   1  1  3  0  0  0/0    25:39   3:18   0:51 
Jake Bean                0  0  0   1  0   2  1  1  3  0  0/0    19:29   2:14   1:00 
John Hayden              0  2  2   1  0   0  1  2  0  0  8/13   14:35   0:12   0:38 
Joonas Donskoi           1  2  3   1  0   3  1  1  1  0  1/4    20:17   2:50   0:45 
Marcus Bjork             1  0  1   0  0   2  0  0  0  0  0/0    14:51   0:00   0:49 
Mason Marchment          0  0  0   1  0   0  0  0  0  0  0/0    17:14   2:30   0:00 
Nicolas Roy              0  0  0  -1  0   1  0  0  0  0  0/1     6:30   0:00   0:15 
Valeri Nichushkin        1  1  2   1  0   2  2  0  1  0  3/3    20:25   2:50   0:44 
Vincent Desharnais       0  0  0   0  2   0  2  1  0  0  0/0    14:01   0:00   0:00 
Wyatt Kalynuk            0  0  0   1  0   1  2  5  0  0  0/0    19:29   2:14   1:00 

Players Stats for Senators

Player Name              G  A  P  +/- PIM S  H  SB GA TA FO     MP     PP MP  PK MP  
------------------------------------------------------------------------------------
Akil Thomas              0  1  1   0  0   0  0  2  0  0  1/2     8:30   0:43   0:46 
Alec Regula              0  0  0  -1  0   1  0  0  0  0  0/0     5:07   0:00   0:00 
Anton Karlsson           0  0  0   0  0   1  0  0  1  0  0/1     9:02   0:43   1:20 
Artem Zub                1  1  2   1  0   5  0  2  0  1  0/0    25:56   2:17   3:08 
Arttu Ruotsalainen       2  1  3   1  0   3  0  0  0  0  3/9    11:56   0:09   0:00 
Bryce Kindopp            0  0  0   0  2   1  0  0  0  0  0/0     7:07   0:09   0:00 
C.J Suess                0  2  2  -2  2   1  0  1  0  1  1/2    22:24   1:48   2:20 
Carl Grundstrom          0  0  0  -1  0   3  2  0  0  2  2/2    14:45   0:00   0:00 
Chase De Leo             0  0  0  -1  2   1  1  0  0  1  3/7    16:39   0:00   1:49 
Cliff Pu                 0  0  0   1  0   0  2  1  0  0  1/1    12:31   0:44   0:00 
Corey Shueneman          1  0  1   1  0   6  2  6  0  1  0/0    25:56   2:17   3:08 
Gustav Forsling          0  0  0  -1  0   0  0  0  0  0  0/0     5:30   0:23   0:00 
Jesse Graham             0  0  0  -2  0   1  0  3  0  0  0/0    18:03   0:00   2:24 
Jonas Siegenthaler       0  0  0  -2  0   1  2  0  0  2  0/0    18:03   0:00   2:24 
Kiefer Sherwood          0  0  0  -2  0   3  3  2  0  0  0/0    19:56   1:47   0:00 
Marc Michaelis           0  1  1  -1  2   0  1  1  0  0  0/0    16:09   0:00   1:31 
Martin Fehervary         0  0  0   0  0   1  1  1  0  2  0/0    10:54   0:23   0:00 
Mason Geertsen           0  0  0   0  0   0  1  1  0  0  0/0    10:31   0:00   0:00 
Radek Faksa              0  1  1  -2  0   2  2  1  1  0  21/41  23:15   1:48   3:18 
Vitaly Abramov           1  2  3   1  0   4  0  0  0  1  0/0    12:10   0:09   0:00 

3 Stars

1 - Alexandre Texier (Uti)
2 - Joonas Donskoi (Uti)
3 - Arttu Ruotsalainen (Bel)

Power Play

Comets - 2 on 4 Attempt(s) - 50.00%
Senators - 2 on 2 Attempt(s) - 100.00%

Penalty Kill

Comets - 0 on 2 Attempt(s) - 0.00% - Score 0 goal in Penalty Kill
Senators - 2 on 4 Attempt(s) - 50.00% - Score 0 goal in Penalty Kill

Team Stat

Comets - Hits : 17 - Faceoff Wins : 33 - Blocked Shots : 17 - Penalty Minutes : 4
Senators - Hits : 17 - Faceoff Wins : 32 - Blocked Shots : 21 - Penalty Minutes : 8

Official

Referees : Kelly Sutherland and Jean Hebert
Linesman : Travis Toomey and Matt MacPherson

Game Notes

No Game Note

Finance

Level 1 -- Attendance: 1986 (99.30%) -- Ticket Income $139,020
Level 2 -- Attendance: 868 (86.80%) -- Ticket Income $34,720
Total Attendance: 2854 (95.13%)
Total Ticket Income: $173,740
Other Income: $8,687
Total Income: $182,427

Comets

5 vs 5 Forward 
   Center                   Left Wing                Right Wing               Time % Phy DF OF 
 1 Brett Seney              Valeri Nichushkin        Joonas Donskoi           35     0   2  3  
 2 Brett Howden             Mason Marchment          Conor Garland            30     0   2  3  
 3 John Hayden              Eeli Tolvanen            Alexandre Texier         25     0   2  3  
 4 Nicolas Roy              Alex Turcotte            David Kase               10     0   2  3  

5 vs 5 Defense 
   Defense                  Defense                                           Time % Phy DF OF 
 1 Ilya Lyubushkin          Christian Wolanin                                 35     0   3  2  
 2 Jake Bean                Wyatt Kalynuk                                     30     0   3  2  
 3 Marcus Bjork             Vincent Desharnais                                25     0   3  2  
 4 Filip Roos               Ilya Lyubushkin                                   10     0   3  2  

PowerPlay Forward 
   Center                   Left Wing                Right Wing               Time % Phy DF OF 
 1 Brett Seney              Valeri Nichushkin        Joonas Donskoi           60     0   1  4  
 2 Brett Howden             Mason Marchment          Conor Garland            40     0   1  4  

PowerPlay Defense
   Defense                  Defense                                           Time % Phy DF OF 
 1 Ilya Lyubushkin          Christian Wolanin                                 60     0   2  3  
 2 Jake Bean                Wyatt Kalynuk                                     40     0   2  3  

Penalty Kill 4 Players Forward 
   Center                   Wing                     Time % Phy DF OF 
 1 Brett Howden             Conor Garland            60     1   3  1  
 2 Brett Seney              Joonas Donskoi           40     1   3  1  

Penalty Kill 4 Players Defense
   Defense                  Defense                  Time % Phy DF OF 
 1 Ilya Lyubushkin          Christian Wolanin        60     1   4  0  
 2 Jake Bean                Wyatt Kalynuk            40     1   4  0  

Penalty Kill - 3 Players Forward 
   Forward                                           Time % Phy DF OF 
 1 Brett Seney                                       60     1   3  1  
 2 Brett Howden                                      40     1   3  1  

Penalty Kill - 3 Players Defense
   Defense                  Defense                  Time % Phy DF OF 
 1 Ilya Lyubushkin          Christian Wolanin        60     1   4  0  
 2 Jake Bean                Wyatt Kalynuk            40     1   4  0  

4 vs 4 Forward 
   Center                   Wing                     Time % Phy DF OF 
 1 Brett Seney              Valeri Nichushkin        60     0   2  3  
 2 Brett Howden             Conor Garland            40     0   2  3  

4 vs 4 Defense
   Defense                  Defense                  Time % Phy DF OF 
 1 Ilya Lyubushkin          Christian Wolanin        60     0   3  2  
 2 Jake Bean                Wyatt Kalynuk            40     0   3  2  

Last Minutes Offensive
   Center                   Left Wing                Right Wing               Defense                  Defense                  
   Brett Seney              Valeri Nichushkin        Conor Garland            Ilya Lyubushkin          Christian Wolanin        

Last Minutes Defensive
   Center                   Left Wing                Right Wing               Defense                  Defense                  
   Brett Seney              Valeri Nichushkin        Conor Garland            Ilya Lyubushkin          Christian Wolanin        

Goaltenders
Starting : Akira Schmid             
Backup : Juuse Saros              

Extra Forwards
Normal : Mason Marchment, Brett Howden, Alexandre Texier - PP : Mason Marchment, Brett Howden - PK : Mason Marchment
Extra Defensemen
Normal : Filip Roos, Vincent Desharnais, Marcus Bjork - PP : Marcus Bjork - PK : Marcus Bjork, Vincent Desharnais
Penalty Shots
Valeri Nichushkin, Conor Garland, Brett Seney, Joonas Donskoi, Mason Marchment
Custom OT Lines Forwards
Valeri Nichushkin, Conor Garland, Brett Seney, Joonas Donskoi, Mason Marchment, Brett Howden, Alexandre Texier, Eeli Tolvanen, Alex Turcotte, John Hayden
Custom OT Lines Defensemen
Ilya Lyubushkin, Christian Wolanin, Jake Bean, Wyatt Kalynuk, Marcus Bjork

Scratches
Cristiano Digiacinto (Healthy), Nikita Nesterenko (Healthy), Graeme Clarke (Healthy)

Senators

5 vs 5 Forward 
   Center                   Left Wing                Right Wing               Time % Phy DF OF 
 1 Radek Faksa              C.J Suess                Kiefer Sherwood          40     1   2  2  
 2 Chase De Leo             Marc Michaelis           Carl Grundstrom          30     1   2  2  
 3 Arttu Ruotsalainen       Vitaly Abramov           Cliff Pu                 20     1   2  2  
 4 Akil Thomas              Anton Karlsson           Bryce Kindopp            10     1   2  2  

5 vs 5 Defense 
   Defense                  Defense                                           Time % Phy DF OF 
 1 Artem Zub                Corey Shueneman                                   40     1   2  2  
 2 Jesse Graham             Jonas Siegenthaler                                30     1   2  2  
 3 Mason Geertsen           Martin Fehervary                                  20     1   2  2  
 4 Gustav Forsling          Alec Regula                                       10     1   2  2  

PowerPlay Forward 
   Center                   Left Wing                Right Wing               Time % Phy DF OF 
 1 Radek Faksa              C.J Suess                Kiefer Sherwood          60     0   1  4  
 2 Chase De Leo             Marc Michaelis           Carl Grundstrom          40     0   1  4  

PowerPlay Defense
   Defense                  Defense                                           Time % Phy DF OF 
 1 Artem Zub                Corey Shueneman                                   60     0   1  4  
 2 Jesse Graham             Jonas Siegenthaler                                40     0   1  4  

Penalty Kill 4 Players Forward 
   Center                   Wing                     Time % Phy DF OF 
 1 Radek Faksa              C.J Suess                60     1   4  0  
 2 Chase De Leo             Marc Michaelis           40     1   4  0  

Penalty Kill 4 Players Defense
   Defense                  Defense                  Time % Phy DF OF 
 1 Artem Zub                Corey Shueneman          60     1   4  0  
 2 Jesse Graham             Jonas Siegenthaler       40     1   4  0  

Penalty Kill - 3 Players Forward 
   Forward                                           Time % Phy DF OF 
 1 Radek Faksa                                       60     1   4  0  
 2 Chase De Leo                                      40     1   4  0  

Penalty Kill - 3 Players Defense
   Defense                  Defense                  Time % Phy DF OF 
 1 Artem Zub                Corey Shueneman          60     1   4  0  
 2 Jesse Graham             Jonas Siegenthaler       40     1   4  0  

4 vs 4 Forward 
   Center                   Wing                     Time % Phy DF OF 
 1 Radek Faksa              C.J Suess                60     0   2  3  
 2 Chase De Leo             Marc Michaelis           40     1   2  2  

4 vs 4 Defense
   Defense                  Defense                  Time % Phy DF OF 
 1 Artem Zub                Corey Shueneman          60     0   2  3  
 2 Jesse Graham             Jonas Siegenthaler       40     1   2  2  

Last Minutes Offensive
   Center                   Left Wing                Right Wing               Defense                  Defense                  
   Radek Faksa              C.J Suess                Kiefer Sherwood          Artem Zub                Corey Shueneman          

Last Minutes Defensive
   Center                   Left Wing                Right Wing               Defense                  Defense                  
   Radek Faksa              C.J Suess                Kiefer Sherwood          Artem Zub                Corey Shueneman          

Goaltenders
Starting : David Rittich            
Backup : Justus Annunen           

Extra Forwards
Normal : Chase De Leo, Carl Grundstrom, Vitaly Abramov - PP : Chase De Leo, Carl Grundstrom - PK : Chase De Leo
Extra Defensemen
Normal : Martin Fehervary, Gustav Forsling, Alec Regula - PP : Martin Fehervary - PK : Martin Fehervary, Gustav Forsling
Penalty Shots
Radek Faksa, C.J Suess, Marc Michaelis, Kiefer Sherwood, Chase De Leo
Custom OT Lines Forwards
Radek Faksa, C.J Suess, Marc Michaelis, Kiefer Sherwood, Chase De Leo, Carl Grundstrom, Vitaly Abramov, Anton Karlsson, Arttu Ruotsalainen, Cliff Pu
Custom OT Lines Defensemen
Artem Zub, Corey Shueneman, Jesse Graham, Jonas Siegenthaler, Mason Geertsen

Scratches
Ivan Morozov (Healthy), Tyler Angle (Healthy), Jett Woo (Healthy), Adam Mascherin (Healthy), Olivier Rodrigue (Healthy)

% Time on Ice - Comets

Lines # - Real PCT - Wanted PCT - Time Play
Normal Forward
1 - 32% - 35% - 16:49
2 - 29% - 30% - 15:06
3 - 26% - 25% - 13:38
4 - 12% - 10% - 6:15
Normal Defense
1 - 34% - 35% - 17:31
2 - 31% - 30% - 16:15
3 - 27% - 25% - 14:02
4 - 8% - 10% - 4:00
PP Forward
1 - 55% - 60% - 3:02
2 - 45% - 40% - 2:30
PP Defense
1 - 60% - 60% - 3:18
2 - 40% - 40% - 2:14
PK Forward
1 - 55% - 60% - 1:28
2 - 45% - 40% - 1:12
PK Defense
1 - 63% - 60% - 1:40
2 - 38% - 40% - 1:00
PK3 Forward
1 - 0% - 60%
2 - 0% - 40%
PK3 Defense
1 - 0% - 60%
2 - 0% - 40%
44 Forward
1 - 0% - 60%
2 - 0% - 40%
44 Defense
1 - 0% - 60%
2 - 0% - 40%
Last Minute Offensive  - 0:00
Last Minute Defensive  - 0:00
Total
Forward - 60:00
Defense - 60:00

% Time on Ice - Senators

Lines # - Real PCT - Wanted PCT - Time Play
Normal Forward
1 - 36% - 40% - 18:37
2 - 28% - 30% - 14:31
3 - 23% - 20% - 11:47
4 - 13% - 10% - 6:53
Normal Defense
1 - 40% - 40% - 20:31
2 - 30% - 30% - 15:39
3 - 20% - 20% - 10:31
4 - 10% - 10% - 5:07
PP Forward
1 - 100% - 60% - 2:40
2 - 0% - 40% - 0:00
PP Defense
1 - 86% - 60% - 2:17
2 - 14% - 40% - 0:23
PK Forward
1 - 85% - 60% - 4:43
2 - 15% - 40% - 0:49
PK Defense
1 - 57% - 60% - 3:08
2 - 43% - 40% - 2:24
PK3 Forward
1 - 0% - 60%
2 - 0% - 40%
PK3 Defense
1 - 0% - 60%
2 - 0% - 40%
44 Forward
1 - 0% - 60%
2 - 0% - 40%
44 Defense
1 - 0% - 60%
2 - 0% - 40%
Last Minute Offensive  - 0:00
Last Minute Defensive  - 0:00
Total
Forward - 60:00
Defense - 60:00

Play-by-Play

1st period


0:01 of 1st period - Valeri Nichushkin wins face-off versus Radek Faksa in neutral zone.
0:03 of 1st period - Off-side.
0:04 of 1st period - Radek Faksa wins face-off versus Brett Seney in neutral zone.
0:59 of 1st period - Off-side.
1:00 of 1st period - Cliff Pu wins face-off versus Nicolas Roy in neutral zone.
1:05 of 1st period - Marcus Bjork is hit by Jonas Siegenthaler and loses puck.
1:47 of 1st period - Backhand shot by Chase De Leo.
1:47 of 1st period - Shot Misses the Net.
1:53 of 1st period - Wrist shot by Valeri Nichushkin.
1:53 of 1st period - Shot Misses the Net.
2:03 of 1st period - Carl Grundstrom is hit by Conor Garland and loses puck.
2:31 of 1st period - Snap shot by Eeli Tolvanen.
2:31 of 1st period - Stopped by David Rittich without a rebound.
2:32 of 1st period - Radek Faksa wins face-off versus Brett Seney in Senators zone.
2:43 of 1st period - Slapshot by Kiefer Sherwood.
2:43 of 1st period - Stopped by Akira Schmid without a rebound.
2:44 of 1st period - Akil Thomas wins face-off versus Brett Howden in Comets zone.
3:34 of 1st period - Icing by Corey Shueneman.
3:35 of 1st period - John Hayden wins face-off versus Arttu Ruotsalainen in Senators zone.
3:48 of 1st period - Snap shot by Alexandre Texier.
3:48 of 1st period - Shot Misses the Net.
4:22 of 1st period - Snap shot by Arttu Ruotsalainen.
4:22 of 1st period - Shot Misses the Net.
4:24 of 1st period - Slapshot by Alec Regula.
4:24 of 1st period - Deflect By Ilya Lyubushkin.
4:24 of 1st period - Stopped by Akira Schmid without a rebound.
4:25 of 1st period - Brett Seney wins face-off versus Radek Faksa in Comets zone.
4:50 of 1st period - Brett Howden is hit by Carl Grundstrom and loses puck.
4:58 of 1st period - Off-side.
4:59 of 1st period - Brett Seney wins face-off versus Anton Karlsson in neutral zone.
5:31 of 1st period - Wrist shot by Conor Garland.
5:31 of 1st period - Shot Misses the Net.
5:35 of 1st period - Slapshot by Conor Garland.
5:35 of 1st period - Stopped by David Rittich with a rebound.
5:53 of 1st period - Snap shot by Marc Michaelis.
5:53 of 1st period - Deflect By Carl Grundstrom.
5:53 of 1st period - Shot Misses the Net.
5:53 of 1st period - Puck is out of play.
5:54 of 1st period - Brett Seney wins face-off versus Chase De Leo in Comets zone.
6:07 of 1st period - Slapshot by Chase De Leo.
6:07 of 1st period - Stopped by Akira Schmid with a rebound.
6:09 of 1st period - Snap shot by Marc Michaelis.
6:09 of 1st period - Shot Misses the Net.
6:19 of 1st period - Conor Garland is hit by Kiefer Sherwood and loses puck.
6:26 of 1st period - Corey Shueneman is hit by Vincent Desharnais and loses puck.
6:32 of 1st period - Icing by C.J Suess.
6:33 of 1st period - C.J Suess wins face-off versus Joonas Donskoi in Senators zone.
6:47 of 1st period - Off-side.
6:48 of 1st period - Brett Howden wins face-off versus Chase De Leo in neutral zone.
6:51 of 1st period - Snap shot by Conor Garland.
6:51 of 1st period - Shot Misses the Net.
7:38 of 1st period - Wrist shot by Mason Marchment.
7:38 of 1st period - Shot Hit the Post.
8:12 of 1st period - Snap shot by Conor Garland.
8:12 of 1st period - Shot Blocked by Jesse Graham.
8:34 of 1st period - Slapshot by Chase De Leo.
8:34 of 1st period - Deflect By Carl Grundstrom.
8:34 of 1st period - Stopped by Akira Schmid with a rebound.
8:36 of 1st period - Slapshot by Jonas Siegenthaler.
8:36 of 1st period - Stopped by Akira Schmid with a rebound.
8:38 of 1st period - Snap shot by Jesse Graham.
8:38 of 1st period - Shot Blocked by Conor Garland.
9:00 of 1st period - Chase De Leo is hit by Filip Roos.
9:13 of 1st period - Minor Penalty to Ilya Lyubushkin for Slashing.
9:14 of 1st period - Radek Faksa wins face-off versus Brett Seney in Comets zone.
9:20 of 1st period - Slapshot by C.J Suess.
9:20 of 1st period - Shot Blocked by Wyatt Kalynuk.
11:02 of 1st period - Wrist shot by Arttu Ruotsalainen.
11:02 of 1st period - Goal by Arttu Ruotsalainen - Comets : 0 - Senators : 1.
11:03 of 1st period - Arttu Ruotsalainen wins face-off versus John Hayden in neutral zone.
11:05 of 1st period - Off-side.
11:06 of 1st period - John Hayden wins face-off versus Arttu Ruotsalainen in neutral zone.
11:20 of 1st period - Slapshot by Jake Bean.
11:20 of 1st period - Shot Misses the Net.
11:22 of 1st period - Slapshot by Wyatt Kalynuk.
11:22 of 1st period - Shot Blocked by Mason Geertsen.
11:53 of 1st period - Wrist shot by Anton Karlsson.
11:53 of 1st period - Shot Blocked by Wyatt Kalynuk.
11:59 of 1st period - Wrist shot by Anton Karlsson.
11:59 of 1st period - Shot Blocked by Wyatt Kalynuk.
12:01 of 1st period - Slapshot by Artem Zub.
12:01 of 1st period - Shot Hit the Post.
12:03 of 1st period - Wrist shot by Corey Shueneman.
12:03 of 1st period - Stopped by Akira Schmid with a rebound.
13:08 of 1st period - Wrist shot by Valeri Nichushkin.
13:08 of 1st period - Shot Misses the Net.
13:21 of 1st period - Minor Penalty to Bryce Kindopp for High sticking.
13:22 of 1st period - Brett Seney wins face-off versus Radek Faksa in Senators zone.
13:24 of 1st period - Snap shot by Brett Seney.
13:24 of 1st period - Shot Blocked by Radek Faksa.
13:26 of 1st period - Wrist shot by Christian Wolanin.
13:26 of 1st period - Shot Blocked by Corey Shueneman.
13:28 of 1st period - Slapshot by Christian Wolanin.
13:28 of 1st period - Shot Misses the Net.
13:30 of 1st period - Snap shot by Ilya Lyubushkin.
13:30 of 1st period - Shot Blocked by Corey Shueneman.
13:32 of 1st period - Slapshot by Christian Wolanin.
13:32 of 1st period - Shot Blocked by C.J Suess.
13:34 of 1st period - Slapshot by Joonas Donskoi.
13:34 of 1st period - Deflect By Artem Zub.
13:34 of 1st period - Shot Misses the Net.
13:34 of 1st period - Puck is out of play.
13:35 of 1st period - Brett Seney wins face-off versus Radek Faksa in Senators zone.
13:36 of 1st period - Wrist shot by Joonas Donskoi.
13:36 of 1st period - Shot Misses the Net.
13:38 of 1st period - Snap shot by Brett Seney.
13:38 of 1st period - Stopped by David Rittich with a rebound.
13:40 of 1st period - Wrist shot by Joonas Donskoi.
13:40 of 1st period - Shot Blocked by Corey Shueneman.
13:42 of 1st period - Slapshot by Brett Seney.
13:42 of 1st period - Shot Misses the Net.
13:44 of 1st period - Slapshot by Christian Wolanin.
13:44 of 1st period - Shot Misses the Net.
13:46 of 1st period - Snap shot by Joonas Donskoi.
13:46 of 1st period - Shot Blocked by Corey Shueneman.
13:48 of 1st period - Slapshot by Ilya Lyubushkin.
13:48 of 1st period - Stopped by David Rittich with a rebound.
14:34 of 1st period - Marc Michaelis is hit by Valeri Nichushkin and loses puck.
15:21 of 1st period - Penalty to Bryce Kindopp is over, Bryce Kindopp is back on ice.
15:36 of 1st period - Slapshot by Vitaly Abramov.
15:36 of 1st period - Goal by Vitaly Abramov - Comets : 0 - Senators : 2.
15:37 of 1st period - Radek Faksa wins face-off versus John Hayden in neutral zone.
17:06 of 1st period - Snap shot by Valeri Nichushkin.
17:06 of 1st period - Stopped by David Rittich without a rebound.
17:07 of 1st period - Radek Faksa wins face-off versus Brett Seney in Senators zone.
17:16 of 1st period - Valeri Nichushkin is hit by Martin Fehervary and loses puck.
17:44 of 1st period - Slapshot by Christian Wolanin.
17:44 of 1st period - Stopped by David Rittich without a rebound.
17:45 of 1st period - Brett Seney wins face-off versus Arttu Ruotsalainen in Senators zone.
18:12 of 1st period - Off-side.
18:13 of 1st period - Carl Grundstrom wins face-off versus John Hayden in neutral zone.
18:33 of 1st period - Snap shot by Marc Michaelis.
18:33 of 1st period - Shot Blocked by John Hayden.
18:35 of 1st period - Slapshot by Carl Grundstrom.
18:35 of 1st period - Stopped by Akira Schmid without a rebound.
18:36 of 1st period - Radek Faksa wins face-off versus Brett Seney in Comets zone.
18:48 of 1st period - C.J Suess is hit by Valeri Nichushkin.
18:51 of 1st period - Off-side.
18:52 of 1st period - John Hayden wins face-off versus Arttu Ruotsalainen in neutral zone.
18:59 of 1st period - Off-side.
19:00 of 1st period - John Hayden wins face-off versus Arttu Ruotsalainen in neutral zone.
19:12 of 1st period - Slapshot by Artem Zub.
19:12 of 1st period - Shot Misses the Net.
19:30 of 1st period - Slapshot by Vitaly Abramov.
19:30 of 1st period - Stopped by Akira Schmid with a rebound.
19:32 of 1st period - Slapshot by Artem Zub.
19:32 of 1st period - Stopped by Akira Schmid with a rebound.
19:34 of 1st period - Slapshot by Corey Shueneman.
19:34 of 1st period - Shot Blocked by Christian Wolanin.
19:44 of 1st period - Wrist shot by Artem Zub.
19:44 of 1st period - Shot Blocked by Ilya Lyubushkin.
19:46 of 1st period - Backhand shot by Artem Zub.
19:46 of 1st period - Shot Blocked by Alexandre Texier.
19:50 of 1st period - Snap shot by Vitaly Abramov.
19:50 of 1st period - Deflect By Arttu Ruotsalainen.
19:50 of 1st period - Stopped by Akira Schmid with a rebound.
Goals for this period are 0 for Comets vs 2 for Senators.
Shots for this period are 6 for Comets vs 12 for Senators.

2nd period


0:01 of 2nd period - Radek Faksa wins face-off versus Brett Seney in neutral zone.
0:04 of 2nd period - Brett Seney is hit by Kiefer Sherwood and loses puck.
0:13 of 2nd period - Slapshot by Ilya Lyubushkin.
0:13 of 2nd period - Deflect By Joonas Donskoi.
0:13 of 2nd period - Shot Blocked by Artem Zub.
0:13 of 2nd period - Puck is out of play.
0:14 of 2nd period - Brett Seney wins face-off versus Radek Faksa in Senators zone.
0:45 of 2nd period - Wrist shot by Conor Garland.
0:45 of 2nd period - Stopped by David Rittich without a rebound.
0:46 of 2nd period - Brett Howden wins face-off versus Radek Faksa in Senators zone.
0:56 of 2nd period - Icing by Ilya Lyubushkin.
0:57 of 2nd period - Radek Faksa wins face-off versus Brett Howden in Comets zone.
1:42 of 2nd period - Snap shot by Brett Howden.
1:42 of 2nd period - Deflect By Conor Garland.
1:42 of 2nd period - Stopped by David Rittich with a rebound.
1:44 of 2nd period - Wrist shot by Brett Howden.
1:44 of 2nd period - Stopped by David Rittich without a rebound.
1:45 of 2nd period - Chase De Leo wins face-off versus Brett Seney in Senators zone.
2:23 of 2nd period - Wrist shot by Alex Turcotte.
2:23 of 2nd period - Shot Misses the Net.
2:42 of 2nd period - Minor Penalty to Marc Michaelis for High sticking.
2:43 of 2nd period - Valeri Nichushkin wins face-off versus Radek Faksa in Senators zone.
2:47 of 2nd period - Snap shot by Valeri Nichushkin.
2:47 of 2nd period - Goal by Valeri Nichushkin - Comets : 1 - Senators : 2.
2:48 of 2nd period - Brett Seney wins face-off versus Radek Faksa in neutral zone.
2:53 of 2nd period - Slapshot by Joonas Donskoi.
2:53 of 2nd period - Shot Blocked by Kiefer Sherwood.
2:55 of 2nd period - Slapshot by Wyatt Kalynuk.
2:55 of 2nd period - Shot Blocked by Corey Shueneman.
2:57 of 2nd period - Snap shot by Brett Seney.
2:57 of 2nd period - Shot Blocked by Kiefer Sherwood.
3:01 of 2nd period - Snap shot by Valeri Nichushkin.
3:01 of 2nd period - Shot Misses the Net.
3:03 of 2nd period - Slapshot by Jake Bean.
3:03 of 2nd period - Stopped by David Rittich with a rebound.
3:13 of 2nd period - Mason Marchment is hit by Corey Shueneman and loses puck.
3:38 of 2nd period - Wrist shot by Alexandre Texier.
3:38 of 2nd period - Shot Misses the Net.
4:26 of 2nd period - Icing by Martin Fehervary.
4:27 of 2nd period - Valeri Nichushkin wins face-off versus Akil Thomas in Senators zone.
4:52 of 2nd period - Mason Geertsen is hit by Ilya Lyubushkin.
5:36 of 2nd period - Slapshot by Chase De Leo.
5:36 of 2nd period - Shot Misses the Net.
5:42 of 2nd period - Wrist shot by Brett Seney.
5:42 of 2nd period - Shot Misses the Net.
6:00 of 2nd period - Snap shot by Anton Karlsson.
6:00 of 2nd period - Shot Blocked by Wyatt Kalynuk.
6:02 of 2nd period - Backhand shot by Jonas Siegenthaler.
6:02 of 2nd period - Shot Blocked by Jake Bean.
6:20 of 2nd period - Snap shot by Conor Garland.
6:20 of 2nd period - Stopped by David Rittich with a rebound.
6:56 of 2nd period - Alec Regula is hit by Alexandre Texier and loses puck.
7:58 of 2nd period - Slapshot by Brett Howden.
7:58 of 2nd period - Stopped by David Rittich without a rebound.
7:59 of 2nd period - Brett Howden wins face-off versus Arttu Ruotsalainen in Senators zone.
8:26 of 2nd period - Vincent Desharnais is hit by Cliff Pu and loses puck.
9:21 of 2nd period - Vitaly Abramov is hit by Conor Garland and loses puck.
9:30 of 2nd period - Snap shot by Brett Howden.
9:30 of 2nd period - Stopped by David Rittich with a rebound.
9:40 of 2nd period - Snap shot by Vitaly Abramov.
9:40 of 2nd period - Shot Hit the Post.
9:57 of 2nd period - Off-side.
9:58 of 2nd period - Brett Seney wins face-off versus Radek Faksa in neutral zone.
10:34 of 2nd period - Slapshot by Corey Shueneman.
10:34 of 2nd period - Shot Blocked by Ilya Lyubushkin.
10:52 of 2nd period - Snap shot by Brett Seney.
10:52 of 2nd period - Stopped by David Rittich without a rebound.
10:53 of 2nd period - John Hayden wins face-off versus Radek Faksa in Senators zone.
10:54 of 2nd period - Slapshot by Alexandre Texier.
10:54 of 2nd period - Goal by Alexandre Texier - Comets : 2 - Senators : 2.
10:55 of 2nd period - John Hayden wins face-off versus Radek Faksa in neutral zone.
11:04 of 2nd period - Slapshot by Ilya Lyubushkin.
11:04 of 2nd period - Shot Misses the Net.
11:29 of 2nd period - Wrist shot by Anton Karlsson.
11:29 of 2nd period - Stopped by Akira Schmid with a rebound.
11:41 of 2nd period - Backhand shot by John Hayden.
11:41 of 2nd period - Shot Misses the Net.
11:43 of 2nd period - Wrist shot by Christian Wolanin.
11:43 of 2nd period - Deflect By John Hayden.
11:43 of 2nd period - Shot Blocked by Jesse Graham.
11:43 of 2nd period - Puck is out of play.
11:44 of 2nd period - Carl Grundstrom wins face-off versus Brett Seney in Senators zone.
12:10 of 2nd period - Icing by Brett Seney.
12:11 of 2nd period - Radek Faksa wins face-off versus Joonas Donskoi in Comets zone.
12:12 of 2nd period - Snap shot by Kiefer Sherwood.
12:12 of 2nd period - Shot Misses the Net.
12:14 of 2nd period - Snap shot by Martin Fehervary.
12:14 of 2nd period - Stopped by Akira Schmid with a rebound.
12:16 of 2nd period - Slapshot by Martin Fehervary.
12:16 of 2nd period - Deflect By Radek Faksa.
12:16 of 2nd period - Shot Blocked by Wyatt Kalynuk.
12:16 of 2nd period - Puck is out of play.
12:17 of 2nd period - Radek Faksa wins face-off versus John Hayden in Comets zone.
12:20 of 2nd period - Backhand shot by C.J Suess.
12:20 of 2nd period - Shot Misses the Net.
12:47 of 2nd period - Snap shot by Joonas Donskoi.
12:47 of 2nd period - Stopped by David Rittich with a rebound.
13:25 of 2nd period - Jesse Graham is hit by David Kase and loses puck.
13:48 of 2nd period - Snap shot by Alexandre Texier.
13:48 of 2nd period - Stopped by David Rittich without a rebound.
13:49 of 2nd period - John Hayden wins face-off versus Radek Faksa in Senators zone.
14:23 of 2nd period - Snap shot by C.J Suess.
14:23 of 2nd period - Stopped by Akira Schmid with a rebound.
14:33 of 2nd period - Wrist shot by Radek Faksa.
14:33 of 2nd period - Stopped by Akira Schmid without a rebound.
14:34 of 2nd period - Chase De Leo wins face-off versus Joonas Donskoi in Comets zone.
14:37 of 2nd period - Snap shot by Carl Grundstrom.
14:37 of 2nd period - Stopped by Akira Schmid with a rebound.
14:43 of 2nd period - Snap shot by Joonas Donskoi.
14:43 of 2nd period - Stopped by David Rittich without a rebound.
14:44 of 2nd period - Brett Seney wins face-off versus Chase De Leo in Senators zone.
14:53 of 2nd period - Slapshot by Joonas Donskoi.
14:53 of 2nd period - Shot Misses the Net.
14:55 of 2nd period - Snap shot by Joonas Donskoi.
14:55 of 2nd period - Goal by Joonas Donskoi - Comets : 3 - Senators : 2.
14:56 of 2nd period - Radek Faksa wins face-off versus Brett Seney in neutral zone.
15:07 of 2nd period - Slapshot by Artem Zub.
15:07 of 2nd period - Shot Blocked by Vincent Desharnais.
15:31 of 2nd period - Slapshot by Nicolas Roy.
15:31 of 2nd period - Stopped by David Rittich without a rebound.
15:32 of 2nd period - Chase De Leo wins face-off versus Brett Howden in Senators zone.
15:54 of 2nd period - Icing by Ilya Lyubushkin.
15:55 of 2nd period - Arttu Ruotsalainen wins face-off versus Brett Howden in Comets zone.
15:56 of 2nd period - Backhand shot by Artem Zub.
15:56 of 2nd period - Deflect By Ilya Lyubushkin.
15:56 of 2nd period - Stopped by Akira Schmid with a rebound.
16:06 of 2nd period - Wrist shot by Brett Howden.
16:06 of 2nd period - Stopped by David Rittich without a rebound.
16:07 of 2nd period - Radek Faksa wins face-off versus Brett Seney in Senators zone.
16:12 of 2nd period - Snap shot by Radek Faksa.
16:12 of 2nd period - Stopped by Akira Schmid with a rebound.
16:14 of 2nd period - Snap shot by C.J Suess.
16:14 of 2nd period - Shot Misses the Net.
16:46 of 2nd period - Minor Penalty to Vincent Desharnais for Hooking.
16:47 of 2nd period - Radek Faksa wins face-off versus Brett Howden in Comets zone.
16:53 of 2nd period - Wrist shot by Kiefer Sherwood.
16:53 of 2nd period - Stopped by Akira Schmid with a rebound.
16:55 of 2nd period - Slapshot by Corey Shueneman.
16:55 of 2nd period - Stopped by Akira Schmid with a rebound.
16:57 of 2nd period - Slapshot by Artem Zub.
16:57 of 2nd period - Deflect By Brett Howden.
16:57 of 2nd period - Stopped by Akira Schmid without a rebound.
16:58 of 2nd period - Brett Howden wins face-off versus Radek Faksa in Comets zone.
17:07 of 2nd period - Wrist shot by Radek Faksa.
17:07 of 2nd period - Shot Blocked by Christian Wolanin.
17:09 of 2nd period - Snap shot by Radek Faksa.
17:09 of 2nd period - Deflect By Ilya Lyubushkin.
17:09 of 2nd period - Shot Misses the Net.
17:09 of 2nd period - Puck is out of play.
17:10 of 2nd period - Brett Howden wins face-off versus Radek Faksa in Comets zone.
17:23 of 2nd period - Slapshot by Corey Shueneman.
17:23 of 2nd period - Stopped by Akira Schmid with a rebound.
17:25 of 2nd period - Slapshot by Corey Shueneman.
17:25 of 2nd period - Stopped by Akira Schmid without a rebound.
17:26 of 2nd period - Radek Faksa wins face-off versus Brett Howden in Comets zone.
17:35 of 2nd period - Snap shot by Radek Faksa.
17:35 of 2nd period - Shot Blocked by Ilya Lyubushkin.
17:37 of 2nd period - Slapshot by Corey Shueneman.
17:37 of 2nd period - Goal by Corey Shueneman - Comets : 3 - Senators : 3.
17:38 of 2nd period - Brett Seney wins face-off versus Radek Faksa in neutral zone.
17:41 of 2nd period - Snap shot by Jake Bean.
17:41 of 2nd period - Shot Misses the Net.
17:43 of 2nd period - Snap shot by Valeri Nichushkin.
17:43 of 2nd period - Shot Blocked by Corey Shueneman.
17:45 of 2nd period - Slapshot by Brett Seney.
17:45 of 2nd period - Stopped by David Rittich with a rebound.
17:47 of 2nd period - Slapshot by Jake Bean.
17:47 of 2nd period - Stopped by David Rittich without a rebound.
17:48 of 2nd period - Brett Seney wins face-off versus C.J Suess in Senators zone.
17:58 of 2nd period - Wrist shot by Valeri Nichushkin.
17:58 of 2nd period - Deflect By Joonas Donskoi.
17:58 of 2nd period - Shot Blocked by Artem Zub.
17:58 of 2nd period - Puck is out of play.
17:59 of 2nd period - Joonas Donskoi wins face-off versus Radek Faksa in Senators zone.
18:47 of 2nd period - Minor Penalty to Chase De Leo for Roughing.
18:48 of 2nd period - Radek Faksa wins face-off versus Brett Howden in Senators zone.
Goals for this period are 3 for Comets vs 1 for Senators.
Shots for this period are 18 for Comets vs 13 for Senators.

3rd period


0:01 of 3rd period - Brett Seney wins face-off versus Radek Faksa in neutral zone.
0:16 of 3rd period - Snap shot by Brett Seney.
0:16 of 3rd period - Goal by Brett Seney - Comets : 4 - Senators : 3.
0:17 of 3rd period - Brett Seney wins face-off versus Radek Faksa in neutral zone.
0:26 of 3rd period - Vincent Desharnais is hit by Radek Faksa and loses puck.
0:43 of 3rd period - Marcus Bjork is hit by Marc Michaelis and loses puck.
1:10 of 3rd period - Snap shot by Anton Karlsson.
1:10 of 3rd period - Shot Misses the Net.
1:12 of 3rd period - Snap shot by Akil Thomas.
1:12 of 3rd period - Shot Misses the Net.
1:14 of 3rd period - Snap shot by Bryce Kindopp.
1:14 of 3rd period - Stopped by Akira Schmid with a rebound.
1:16 of 3rd period - Snap shot by Anton Karlsson.
1:16 of 3rd period - Shot Misses the Net.
1:39 of 3rd period - Mason Geertsen is hit by John Hayden and loses puck.
2:42 of 3rd period - Slapshot by Joonas Donskoi.
2:42 of 3rd period - Deflect By Marc Michaelis.
2:42 of 3rd period - Shot Blocked by Jesse Graham.
2:42 of 3rd period - Puck is out of play.
2:43 of 3rd period - Radek Faksa wins face-off versus John Hayden in Senators zone.
2:45 of 3rd period - Minor Penalty to C.J Suess for Interference.
2:46 of 3rd period - Radek Faksa wins face-off versus Brett Howden in Senators zone.
4:11 of 3rd period - Christian Wolanin is hit by Corey Shueneman and loses puck.
4:45 of 3rd period - Penalty to C.J Suess is over, C.J Suess is back on ice.
4:47 of 3rd period - C.J Suess is hit by Wyatt Kalynuk and loses puck.
5:00 of 3rd period - Wrist shot by Arttu Ruotsalainen.
5:00 of 3rd period - Goal by Arttu Ruotsalainen - Comets : 4 - Senators : 4.
5:01 of 3rd period - Radek Faksa wins face-off versus Brett Seney in neutral zone.
5:06 of 3rd period - Wrist shot by Jesse Graham.
5:06 of 3rd period - Stopped by Akira Schmid with a rebound.
5:14 of 3rd period - Snap shot by Brett Seney.
5:14 of 3rd period - Shot Misses the Net.
5:16 of 3rd period - Slapshot by Valeri Nichushkin.
5:16 of 3rd period - Shot Misses the Net.
5:31 of 3rd period - Slapshot by Wyatt Kalynuk.
5:31 of 3rd period - Shot Blocked by Marc Michaelis.
6:09 of 3rd period - Slapshot by Artem Zub.
6:09 of 3rd period - Stopped by Akira Schmid with a rebound.
7:30 of 3rd period - Ilya Lyubushkin is hit by Radek Faksa and loses puck.
8:43 of 3rd period - Radek Faksa is hit by Joonas Donskoi and loses puck.
8:52 of 3rd period - Slapshot by Brett Seney.
8:52 of 3rd period - Stopped by David Rittich with a rebound.
8:54 of 3rd period - Snap shot by Ilya Lyubushkin.
8:54 of 3rd period - Shot Misses the Net.
9:08 of 3rd period - Wrist shot by Vitaly Abramov.
9:08 of 3rd period - Stopped by Akira Schmid with a rebound.
9:14 of 3rd period - Corey Shueneman is hit by Alex Turcotte and loses puck.
9:48 of 3rd period - Corey Shueneman is hit by Jake Bean and loses puck.
10:13 of 3rd period - Corey Shueneman is hit by Wyatt Kalynuk and loses puck.
10:26 of 3rd period - Snap shot by Vitaly Abramov.
10:26 of 3rd period - Stopped by Akira Schmid with a rebound.
10:28 of 3rd period - Slapshot by Corey Shueneman.
10:28 of 3rd period - Deflect By Marcus Bjork.
10:28 of 3rd period - Stopped by Akira Schmid with a rebound.
10:53 of 3rd period - Backhand shot by Mason Marchment.
10:53 of 3rd period - Shot Blocked by Akil Thomas.
10:55 of 3rd period - Wrist shot by Brett Howden.
10:55 of 3rd period - Shot Misses the Net.
10:57 of 3rd period - Snap shot by Brett Howden.
10:57 of 3rd period - Shot Blocked by Akil Thomas.
10:59 of 3rd period - Snap shot by Marcus Bjork.
10:59 of 3rd period - Stopped by David Rittich with a rebound.
11:38 of 3rd period - Snap shot by John Hayden.
11:38 of 3rd period - Deflect By Alexandre Texier.
11:38 of 3rd period - Goal by Alexandre Texier - Comets : 5 - Senators : 4.
11:39 of 3rd period - Radek Faksa wins face-off versus Brett Seney in neutral zone.
11:49 of 3rd period - Snap shot by C.J Suess.
11:49 of 3rd period - Shot Misses the Net.
11:51 of 3rd period - Snap shot by Radek Faksa.
11:51 of 3rd period - Shot Blocked by Joonas Donskoi.
12:05 of 3rd period - Wyatt Kalynuk is hit by Jonas Siegenthaler and loses puck.
12:34 of 3rd period - Conor Garland is hit by Mason Geertsen.
13:40 of 3rd period - Wrist shot by Marcus Bjork.
13:40 of 3rd period - Deflect By Cliff Pu.
13:40 of 3rd period - Goal by Marcus Bjork - Comets : 6 - Senators : 4.
13:41 of 3rd period - Brett Seney wins face-off versus Radek Faksa in neutral zone.
14:31 of 3rd period - Mason Marchment is hit by Carl Grundstrom.
14:35 of 3rd period - Slapshot by Wyatt Kalynuk.
14:35 of 3rd period - Deflect By Artem Zub.
14:35 of 3rd period - Stopped by David Rittich with a rebound.
14:53 of 3rd period - Joonas Donskoi is hit by Cliff Pu and loses puck.
15:25 of 3rd period - Anton Karlsson is hit by Vincent Desharnais and loses puck.
15:52 of 3rd period - Marc Michaelis is hit by Eeli Tolvanen.
16:02 of 3rd period - Snap shot by Brett Howden.
16:02 of 3rd period - Stopped by David Rittich with a rebound.
16:04 of 3rd period - Slapshot by Conor Garland.
16:04 of 3rd period - Goal by Conor Garland - Comets : 7 - Senators : 4.
16:05 of 3rd period - Radek Faksa wins face-off versus Brett Seney in neutral zone.
16:10 of 3rd period - Snap shot by Radek Faksa.
16:10 of 3rd period - Deflect By C.J Suess.
16:10 of 3rd period - Shot Misses the Net.
16:10 of 3rd period - Puck is out of play.
16:11 of 3rd period - Radek Faksa wins face-off versus Brett Seney in Comets zone.
16:40 of 3rd period - Snap shot by Artem Zub.
16:40 of 3rd period - Goal by Artem Zub - Comets : 7 - Senators : 5.
16:41 of 3rd period - John Hayden wins face-off versus Radek Faksa in neutral zone.
17:09 of 3rd period - Icing by Corey Shueneman.
17:10 of 3rd period - Arttu Ruotsalainen wins face-off versus Brett Seney in Senators zone.
17:21 of 3rd period - Slapshot by Joonas Donskoi.
17:21 of 3rd period - Shot Misses the Net.
17:23 of 3rd period - Slapshot by Jake Bean.
17:23 of 3rd period - Shot Misses the Net.
17:25 of 3rd period - Snap shot by Jake Bean.
17:25 of 3rd period - Shot Blocked by Cliff Pu.
17:43 of 3rd period - Snap shot by Radek Faksa.
17:43 of 3rd period - Deflect By Kiefer Sherwood.
17:43 of 3rd period - Stopped by Akira Schmid with a rebound.
17:45 of 3rd period - Wrist shot by Radek Faksa.
17:45 of 3rd period - Shot Blocked by John Hayden.
17:54 of 3rd period - Off-side.
17:55 of 3rd period - David Kase wins face-off versus Chase De Leo in neutral zone.
18:52 of 3rd period - Backhand shot by Jake Bean.
18:52 of 3rd period - Shot Blocked by Martin Fehervary.
19:11 of 3rd period - Jake Bean is hit by Chase De Leo.
19:41 of 3rd period - David Kase is hit by Kiefer Sherwood and loses puck.
Goals for this period are 4 for Comets vs 2 for Senators.
Shots for this period are 8 for Comets vs 9 for Senators.